 Dungeon Crawl Stone Soup version 0.30-a0-166-g5d06c95188 (webtiles) character file.

Game seed: 10056755132486977564

130 qw the Chopper (level 5, -3/32 HPs)
             Began as a Gargoyle Fighter on Sept 28, 2022.
             Slain by a wyvern (10 damage)
             ... on level 4 of the Dungeon.
             The game lasted 00:00:54 (2555 turns).

qw the Chopper (Gargoyle Fighter)                   Turns: 2555, Time: 00:00:55

Health: -3/32      AC: 16    Str: 28    XL:     5   Next: 13%
Magic:  5/5        EV:  8    Int:  8    God:
Gold:   164        SH:  4    Dex:  9    Spells: 4/4 levels left

rFire   . . .      SeeInvis .    Y - +0 war axe
rCold   . . .      Faith    .    c - +0 buckler
rNeg    + . .      Spirit   .    o - +0 chain mail
rPois   inf        Reflect  .    (no helmet)
rElec   +          Harm     .    (no cloak)
rCorr   .          Rampage  .    (no gloves)
Will    .....                    g - +2 pair of boots
Stlth   ..........               (no amulet)
HPRegen 0.10/turn                n - +6 ring of strength
MPRegen 0.09/turn                (no ring)

@: no status effects
A: sickness immunity, AC +4, negative energy resistance 1, electricity
resistance, torment resistance 1, petrification resistance
a: no special abilities


You were on level 4 of the Dungeon.
You visited 1 branch of the dungeon, and saw 4 of its levels.

You collected 164 gold pieces.


Innate Abilities, Weirdness & Mutations

You are immune to sickness and miasma.
Your stone body is resilient. (AC +4)
You are immune to poison.
You resist negative energy. (rN+)
You are resistant to electric shocks. (rElec)
You are resistant to unholy torment.
You are immune to petrification.


   Skills:
 - Level 3.2 Fighting
 + Level 4.7 Axes
 - Level 3.2 Armour
 - Level 3.2 Shields


You had 4 spell levels left.
You didn't know any spells.
Your spell library was empty.

Inventory:

Hand Weapons
 k - a +3 mace of protection
 Y - a +0 war axe (weapon)
Armour
 c - a +0 buckler (worn)
 g - a +2 pair of boots (worn)
 o - a +0 chain mail (worn)
Jewellery
 n - a +6 ring of strength (left hand)
Scrolls
 a - a scroll of identify
Potions
 d - a potion of might
 f - a potion of attraction {unknown}
 h - a potion of magic {unknown}
 i - 3 potions of lignification
 j - a potion of heal wounds
 l - a potion of cancellation {unknown}
 m - a potion of mutation {unknown}
 p - a potion of brilliance {unknown}
 q - a potion of flight {unknown}

Dungeon Overview and Level Annotations

Branches:
Dungeon (4/15)
 Temple: D:4-7

Altars:
Kikubaaqudgha
Qazlal

Annotations:
D:2 1 runed translucent door, Crazy Yiuf


Message History

There is a stone staircase leading down here.
You climb downwards.
The wyvern hisses angrily.
Found four items.
There is a stone staircase leading up here.
A wyvern is nearby!
Existing waypoints: (1) D:2 (2) D:3 Assign waypoint to what number? (0-9, D - delete waypoint) Waypoint 1 re-assigned from D:2 to D:4.
Enter note: The wyvern barely misses you.
You hit the wyvern.
The wyvern is moderately wounded.
The wyvern bites you but does no damage.
The wyvern bites you!
You closely miss the wyvern.
The wyvern is moderately wounded.
The wyvern bites you but does no damage.
You closely miss the wyvern.
The wyvern is moderately wounded.
The wyvern bites you but does no damage. x2
You closely miss the wyvern.
The wyvern is moderately wounded.
The wyvern bites you. The wyvern closely misses you.
You hit the wyvern but do no damage.
The wyvern is moderately wounded.
The wyvern closely misses you.
The wyvern bites you but does no damage.
You closely miss the wyvern.
The wyvern is moderately wounded.
The wyvern barely misses you. The wyvern bites you!
You hit the wyvern.
The wyvern is moderately wounded.
The wyvern bites you but does no damage.
The wyvern barely misses you.
You barely miss the wyvern.
The wyvern is moderately wounded.
The wyvern bites you. The wyvern bites you!
You die...

........#.##
........#..##
.........#..
...?.......
....!.....#
..........#
.........#
.......@.#
.)....l..#
......(###
###..## #.#
#.# #.. ..


You could see a wyvern.

Vanquished Creatures
  An orc priest (D:3)
  Terence (D:3)
  An adder (D:2)
  A worm (D:2)
  A dart slug (D:1)
  3 orcs (D:3)
  6 ball pythons
  4 bats
  6 endoplasms
  6 giant cockroaches
  A goblin (D:3)
  6 hobgoblins
  4 kobolds
  3 quokkas
  2 frilled lizards
  7 rats
53 creatures vanquished.

Notes
Turn   | Place    | Note
-------+----------+-------------------------------------------
     0 | D:1      | qw the Gargoyle Fighter began the quest for the Orb.
     0 | D:1      | Reached XP level 1. HP: 14/14 MP: 1/1
     0 | D:1      | 0 ||| qw: Version: 0.2-a-12-gaebbb33
     0 | D:1      | 0 ||| qw: Game counter: 968
     0 | D:1      | 0 ||| qw: Always use a shield: true
     0 | D:1      | 0 ||| qw: God list: Okawaru
     0 | D:1      | 0 ||| qw: Allow faded altars: false
     0 | D:1      | 0 ||| qw: Do Orc after D:15 true
     0 | D:1      | 0 ||| qw: Do second Lair branch before Depths: true
     0 | D:1      | 0 ||| qw: Lair rune preference: random
     0 | D:1      | 0 ||| qw: Plans: Normal, Zot:1-4, God:TSO, Crypt, Tomb,
                  | Pan, Slime:5, Hells, Abyss, Orb
     0 | D:1      | 0 ||| PLANNING D:1-11
    34 | D:1      | Found a faded altar of an unknown god.
    43 | D:1      | Reached skill level 2 in Axes
   146 | D:1      | Reached XP level 2. HP: 19/19 MP: 2/2
   156 | D:1      | 156 ||| Stepping ~*~*~tactically~*~*~ (stealth).
   158 | D:1      | 158 ||| Stepping ~*~*~tactically~*~*~ (stealth).
   237 | D:1      | 237 ||| Stepping ~*~*~tactically~*~*~ (stealth).
   251 | D:1      | Reached skill level 3 in Axes
   388 | D:1      | Reached XP level 3. HP: 23/23 MP: 3/3
   423 | D:1      | 423 ||| Stepping ~*~*~tactically~*~*~ (hiding).
   739 | D:1      | 739 ||| UPGRADING to +2 pair of boots.
   744 | D:1      | 744 ||| DROPPING +6 ring of intelligence.
   745 | D:1      | 745 ||| READING scroll labelled ALLASTR USTUSI.
   746 | D:1      | 746 ||| DRINKING 2 lumpy pink potions.
   842 | D:2      | 842 ||| STAIRDANCE
   963 | D:2      | 963 ||| Stepping ~*~*~tactically~*~*~ (stealth).
  1437 | D:2      | 1437 ||| Stepping ~*~*~tactically~*~*~ (stealth).
  1444 | D:2      | Reached XP level 4. HP: 28/28 MP: 4/4
  1646 | D:2      | Found a runed translucent door.
  1647 | D:2      | Noticed Crazy Yiuf
  1650 | D:2      | 1650 ||| UPGRADING to +6 ring of strength.
  1651 | D:2      | 1651 ||| READING scroll labelled ORITUCL HOUL.
  1652 | D:2      | 1652 ||| READING 2 scrolls labelled MASTOF WIU.
  1653 | D:2      | 1653 ||| READING scroll labelled RADIAF YRHUR.
  1704 | D:2      | 1704 ||| READING scroll labelled QETEMESYIXT.
  1705 | D:2      | 1705 ||| READING 2 scrolls labelled OPHUALENOY.
  1706 | D:2      | 1706 ||| DRINKING 2 emerald potions.
  1707 | D:2      | 1707 ||| DROPPING scroll of fear.
  1708 | D:2      | 1708 ||| DROPPING scroll of amnesia.
  1733 | D:3      | 1733 ||| Stepping ~*~*~tactically~*~*~ (stealth).
  1734 | D:3      | 1734 ||| Stepping ~*~*~tactically~*~*~ (stealth).
  1735 | D:3      | 1735 ||| Stepping ~*~*~tactically~*~*~ (stealth).
  1797 | D:3      | Found a stormy altar of Qazlal.
  1797 | D:3      | Noticed Terence
  1816 | D:3      | Found an ancient bone altar of Kikubaaqudgha.
  1822 | D:3      | Killed Terence
  1823 | D:3      | Reached skill level 4 in Axes
  1868 | D:3      | 1868 ||| DROPPING +0 mace.
  2191 | D:3      | 2191 ||| Stepping ~*~*~tactically~*~*~ (stealth).
  2215 | D:3      | 2215 ||| Stepping ~*~*~tactically~*~*~ (stealth).
  2236 | D:3      | Reached XP level 5. HP: 17/32 MP: 5/5
  2513 | D:3      | 2513 ||| UPGRADING to +0 chain mail.
  2523 | D:3      | 2523 ||| DROPPING +0 scale mail.
  2524 | D:3      | 2524 ||| READING scroll labelled QILYGO WOAMAA.
  2545 | D:4      | Noticed a wyvern
  2555 | D:4      | HP: 7/32 [wyvern (3)]
  2555 | D:4      | Slain by a wyvern

Levels and vault maps discovered:
D:1:      shiori_arrival_oz, layout_basic, ebering_ecumenical_altar_ruins,
          minmay_misc_feat_rows
D:2:      layout_loops_ring, uniq_crazy_yiuf_cottage
D:3:      layout_loops_ring, mainiacjoe_overflow_catwalk_spiral, uniq_terence
D:4:      layout_cave_pods

Skill      XL: |  1  2  3  4 |
---------------+-------------+-----
Axes           | 2 3 4 |  4.7
Fighting       | |  3.2
Armour         | |  3.2
Shields        | |  3.2

Action                   |  1- 3 |  4- 6 || total
-------------------------+-------+-------++-------
Melee: War axe           |   104 |    47 ||   151
  Use: Scroll            |     1 |     6 ||     7
       Potion            |     1 |     1 ||     2
Armor: Scale mail        |    51 |    10 ||    61
       Chain mail        |       |     6 ||     6
Dodge: Dodged            |    37 |    22 ||    59
Block: Buckler           |    19 |     6 ||    25

Table legend:
 A = Non-vault XP
 B = Vault XP
 C = Vault XP percentage of total XP
 D = Non-vault monster count
 E = Vault monster count
 F = Vault count percentage of total count
                 A         B        C        D         E       F
            +---------+---------+-------+---------+---------+-------
      Total |     148 |      38 |  20.4 |      51 |       2 |   3.8
            +---------+---------+-------+---------+---------+-------
        D:1 |      48 |       2 |   4.0 |      25 |       1 |   3.8
        D:2 |      36 |       0 |   0.0 |      13 |       0 |   0.0
        D:3 |      64 |      36 |  36.0 |      13 |       1 |   7.1
            +---------+---------+-------+---------+---------+-------
